 Dungeon Crawl Stone Soup version 0.20.0 (webtiles) character file.

137 InabaYap the Magician (level 5, 0/28 HPs)
             Began as a Deep Elf Wizard on May 31, 2017.
             Slain by a worker ant (4 damage)
             ... on level 2 of the Dungeon.
             The game lasted 00:14:29 (2813 turns).

InabaYap the Magician (Deep Elf Wizard)             Turns: 2813, Time: 00:14:30

Health: 0/28       AC:  2    Str:  2 (4)  XL:     5   Next: 0%
Magic:  0/14       EV: 13    Int: 23 (24) God:
Gold:   62         SH:  0    Dex: 12 (13) Spells: 5/14 levels left

rFire    + . .     SeeInvis .   g - +0 short sword
rCold    + . .     Gourm    .   (no shield)
rNeg     . . .     Faith    .   a - +0 robe
rPois    +         Spirit   .   b - +0 hat
rElec    +         Reflect  .   (no cloak)
rCorr    +         Harm     .   (no gloves)
MR       .....                  (no boots)
Stlth    ++........             (no amulet)
Regen    0.1/turn               (no ring)
MPRegen  0.2/turn               (no ring)

@: resistant
A: no striking features
a: no special abilities


You were on level 2 of the Dungeon.
You were not hungry.

You visited 1 branch of the dungeon, and saw 3 of its levels.

You collected 62 gold pieces.

Inventory:

Hand Weapons
 g - a +0 short sword (weapon)
 i - a +1 club
Missiles
 h - 2 needles of confusion
 j - 4 needles of sleeping
Armour
 a - a +0 robe (worn)
 b - a +0 hat (worn)
Scrolls
 m - 2 scrolls of remove curse
Books
 c - a book of Minor Magic

   Spells                             Type                      Level
   a - Magic Dart                     Conjuration                  1
   b - Blink                          Translocation                2
   c - Call Imp                       Summoning                    2
   d - Slow                           Hexes                        2
   e - Conjure Flame                  Conjuration/Fire             3
   f - Mephitic Cloud                 Conjuration/Poison/Air       3
Comestibles
 d - a bread ration
 f - 8 chunks of flesh


   Skills:
 + Level 3.2 Dodging
 + Level 2.9 Stealth
 - Level 5.0 Spellcasting
 * Level 3.4 Conjurations
   Level 1.1 Summonings
 * Level 1.9 Translocations
 * Level 1.4 Fire Magic


You had 5 spell levels left.
You knew the following spells:

 Your Spells              Type           Power        Failure   Level  Hunger
a - Magic Dart            Conj           ###.         2%          1    None
b - Blink                 Tloc           N/A          6%          2    None
c - Conjure Flame         Conj/Fire      ###.....     11%         3    ##.....
d - Mephitic Cloud        Conj/Pois/Air  ##......     19%         3    ##.....


Dungeon Overview and Level Annotations

Branches:
Dungeon (3/15)

Altars:
Elyvilon
Yredelemnul


Message History

The magic dart hits the worker ant.
The worker ant is heavily wounded.
The worker ant bites you. x2
* * * LOW HITPOINT WARNING * * *
Casting: Magic Dart
Confirm with . or Enter, or press ? or * to list all spells.
Okay, then.
As you read the scroll labeled OKKAULAOJE, it crumbles to dust.
It is a scroll of recharging.
You aren't carrying any rechargeable items.
The worker ant barely misses you.
It was a potion of degeneration.
There was something very wrong with that liquid.
You feel weakened.
You feel dopey.
You feel clumsy. The worker ant bites you.
* * * LOW HITPOINT WARNING * * *
It was a potion of resistance.
You feel protected. The worker ant bites you.
You die...

##........a..#...##
#..###>......######
###############.####.#####(.>####
..................)..............
).###########.#####.(############
#.##..........#......#
#..#......#####.....## ###
............>..a##### #..
..........#(....@..### ######..
###.........##.###)..#####......#
##........##.# ###..##.......##
#......#....# ##....#..#### #
#....)############.#.....# #
#.....#######......##..#.# #
#.....#........######.##.#
####..###..######..##.......###
....<## #.## ##....###.....###


You could see a worker ant.

Vanquished Creatures
  4 gnolls
  An adder (D:2)
  2 oozes (D:2)
  3 worms (D:2)
  2 dart slugs
  4 orcs
  7 bats
  2 giant cockroaches (D:2)
  5 goblins
  4 hobgoblins
  12 jackals
  A quokka (D:2)
  2 ball pythons
  A frilled lizard (D:1)
  5 kobolds
  11 rats
66 creatures vanquished.

Notes
Turn   | Place    | Note
-------+----------+-------------------------------------------
     0 | D:1      | InabaYap the Deep Elf Wizard began the quest for the Orb.
     0 | D:1      | Reached XP level 1. HP: 10/10 MP: 7/7
   277 | D:1      | Reached XP level 2. HP: 15/15 MP: 1/9
   315 | D:1      | Reached skill level 5 in Spellcasting
   408 | D:1      | Learned a level 2 spell: Blink
   952 | D:2      | Reached XP level 3. HP: 19/19 MP: 8/11
   957 | D:2      | Learned a level 3 spell: Conjure Flame
   961 | D:2      | Learned a level 3 spell: Mephitic Cloud
  1611 | D:2      | Reached skill level 1 in Fire Magic
  1611 | D:2      | Reached XP level 4. HP: 19/24 MP: 0/13
  1811 | D:2      | Found a white marble altar of Elyvilon.
  1864 | D:2      | Found a basalt altar of Yredelemnul.
  2782 | D:2      | Reached XP level 5. HP: 20/28 MP: 0/14
  2813 | D:2      | Slain by a worker ant

Skill      XL: |  1  2  3  4 |
---------------+-------------+-----
Spellcasting   | 5 |  5.0
Conjurations   | 2 3 |  3.4
Dodging        | 3 |  3.2
Fire Magic     | 1 |  1.4
Stealth        | |  2.9
Summonings     | |  1.1
Translocations | |  1.9

Action                   |  1- 3 |  4- 6 || total
-------------------------+-------+-------++-------
Melee: Club              |    26 |       ||    26
       Unarmed           |     1 |       ||     1
       Short sword       |     4 |    11 ||    15
 Cast: Magic Dart        |   121 |    66 ||   187
       Mephitic Cloud    |     1 |     5 ||     6
       Blink             |       |     2 ||     2
       Conjure Flame     |       |     1 ||     1
  Use: Potion            |     2 |     2 ||     4
       Scroll            |     4 |     1 ||     5
 Stab: Sleeping          |       |     2 ||     2
  Eat: Chunk             |     2 |     4 ||     6
Armor: Robe              |     8 |     3 ||    11
Dodge: Dodged            |    72 |    21 ||    93
